 Dungeon Crawl Stone Soup version 0.28.0 (webtiles) character file.

Game seed: 17431012698873324641

41 arealperson the Bolt Thrower (level 3, 0/20 HPs)
             Began as a Kobold Arcane Marksman on Feb 9, 2022.
             Slain by an adder (3 damage)
             ... on level 1 of the Dungeon.
             The game lasted 00:02:59 (1283 turns).

arealperson the Bolt Thrower (KoAM)                 Turns: 1283, Time: 00:02:59

Health: 0/20       AC:  2    Str:  9    XL:     3   Next: 75%
Magic:  4/4        EV: 15    Int: 14    God:
Gold:   96         SH:  0    Dex: 15    Spells: 3/4 levels left

rFire   . . .      SeeInvis .   g - +1 dagger (holy)
rCold   . . .      Faith    .   (no shield)
rNeg    . . .      Spirit   .   d - +0 robe
rPois   .          Reflect  .   (no helmet)
rElec   .          Harm     .   (no cloak)
rCorr   .          Rampage  .   (no gloves)
Will    .....                   (no boots)
Stlth   ++........              (no amulet)
HPRegen 0.06/turn               (no ring)
MPRegen 0.09/turn               (no ring)

@: no status effects
A: small, no large weapons, nightstalker 3
a: no special abilities


You were on level 1 of the Dungeon.
You visited 1 branch of the dungeon, and saw 2 of its levels.

You collected 96 gold pieces.

Inventory:

Hand Weapons
 a - a +0 hand crossbow
 g - a +1 dagger of holy wrath (weapon)
Missiles
 c - 10 bolts
 e - 5 poisoned darts (quivered)
 f - 28 arrows
Armour
 d - a +0 robe (worn)
Scrolls
 b - a scroll of blinking {unknown}


   Skills:
 + Level 1.4 Fighting
 + Level 3.8 Crossbows
 + Level 0.1 Throwing
 + Level 2.5 Dodging
 + Level 1.1 Spellcasting
 + Level 3.4 Hexes


You had 3 spell levels left.
You knew the following spells:

 Your Spells              Type           Power      Damage    Failure   Level
a - Slow                  Hex            40%        N/A       6%          1

Your spell library contained the following spells:

 Spells                   Type           Power      Damage    Failure   Level
 Inner Flame              Hex/Fire       5%         N/A       36%         3
 Portal Projectile        Hex/Tloc       10%        N/A       36%         3
 Cause Fear               Hex            5%         N/A       54%         4


Dungeon Overview and Level Annotations

Branches:
Dungeon (2/15)

Altars:

Shops:
D:2 :


Innate Abilities, Weirdness & Mutations

You are small and have problems with some larger weapons.
You are completely attuned to the shadows.


Message History

The adder closely misses you. The worm closely misses you.
You hit the worm.
The worm is almost dead.
The adder bites you but does no damage.
You hit the worm but do no damage.
The worm is almost dead.
The adder barely misses you. The worm closely misses you.
You hit the worm.
The worm is almost dead.
The adder barely misses you. The adder closely misses you.
There is a stone staircase leading up here.
The adder closely misses you. The worm bites you but does no damage.
You climb upwards.
There is a stone staircase leading down here.
You barely miss the worm.
The worm is severely wounded.
The adder bites you. The adder bites you but does no damage.
You are too injured to fight recklessly!
You are too injured to fight recklessly!
You hit the adder.
The adder is lightly wounded.
The adder bites you but does no damage. The worm closely misses you.
You hit the adder but do no damage. You punch the adder.
The adder is moderately wounded.
The adder closely misses you.
You hit the adder.
The adder is heavily wounded.
The adder misses you. The worm barely misses you.
You hit the adder.
The adder is severely wounded.
The adder misses you. The adder bites you. The worm bites you.
* * * LOW HITPOINT WARNING * * *
You closely miss the adder.
The adder is severely wounded.
The adder bites you.
* * * LOW HITPOINT WARNING * * *
You closely miss the adder.
The adder is severely wounded.
The adder bites you.
You die...

......###.........#.........#.##.
......###.........#..###......##.
#....#....#.........## ####......
#......#####.......## ##....#
#.....## ##.....### #.....
#.....# #.......# ##....# #....##
#.......# ##...... #.....###
#....S.w# ##....#.. #.......#
##....@## #...#.#.. #....##.#
##...## #.#.#.#.. #....##.# #.###
###.#.#.... #....##.# #.###
#.....##... #######.## #...#
####...###.... #..# ###.#
#....#####.#.. #####.# #.#
#..........#.. #.....## #.#
#...######.... #......## #.#
#...# #....###


You could see a worm and an adder.

Vanquished Creatures
  3 dart slugs (D:1)
  4 endoplasms (D:1)
  A giant cockroach (D:1)
  3 goblins (D:1)
  2 hobgoblins (D:1)
  3 jackals (D:1)
  3 quokkas (D:1)
  2 ball pythons (D:1)
  2 bats (D:1)
  A frilled lizard (D:1)
  3 kobolds (D:1)
  5 rats (D:1)
32 creatures vanquished.

Notes
Turn   | Place    | Note
-------+----------+-------------------------------------------
     0 | D:1      | arealperson the Kobold Arcane Marksman began the quest for
                  | the Orb.
     0 | D:1      | Reached XP level 1. HP: 12/12 MP: 2/2
   298 | D:1      | Reached XP level 2. HP: 16/16 MP: 3/3
   381 | D:1      | Reached XP level 3. HP: 19/20 MP: 4/4
  1260 | D:2      | Found Xuitet's Book Shop.
  1283 | D:1      | Slain by an adder

Illustrated notes

Levels and vault maps discovered:
D:1:      dpeg_arrival_lava_altar, layout_rooms
D:2:      layout_loops_ring, serial_shops, shop, shop

Skill      XL: |  1  2 |
---------------+-------+-----
Crossbows      | 3 |  3.8
Fighting       | |  1.4
Throwing       | |  0.1
Dodging        | |  2.5
Spellcasting   | |  1.1
Hexes          | |  3.4

Action                   || total
-------------------------++-------
Melee: Dagger            ||    31
       Punch             ||     2
 Fire: Hand crossbow     ||    52
Throw: Dart              ||     9
 Stab: Sleeping          ||     1
Armor: Robe              ||    10
Dodge: Dodged            ||    41
